 Dungeon Crawl Stone Soup version 0.23.2-40-g277498a001 (webtiles) character file.

Game seed: 5223667039793659471

50 FishyPogo the Conjurer (level 3, -6/26 HPs)
             Began as a Draconian Conjurer on Oct 20, 2019.
             Mangled by an orc priest
             ... wielding a +0 flail
              (7 damage)
             ... on level 3 of the Dungeon.
             The game lasted 00:07:07 (1354 turns).

FishyPogo the Conjurer (Draconian Conjurer)         Turns: 1354, Time: 00:07:07

Health: -6/26      AC:  5    Str: 10    XL:     3   Next: 55%
Magic:  1/6        EV: 12    Int: 16    God:
Gold:   52         SH:  0    Dex: 11    Spells: 2/6 levels left

rFire    . . .     SeeInvis .   c - +1 dagger
rCold    . . .     Gourm    .   (no shield)
rNeg     . . .     Faith    .   (armour unavailable)
rPois    +         Spirit   .   (helmet restricted)
rElec    .         Reflect  .   (no cloak)
rCorr    .         Harm     .   (no gloves)
MR       .....                  (no boots)
Stlth    ++........             k - amulet of the acrobat
HPRegen  0.08/turn              a - ring of poison resistance
MPRegen  0.10/turn              (no ring)

@: no status effects
A: unfitting armour, cold-blooded, AC +5
a: no special abilities


You were on level 3 of the Dungeon.
You were hungry.

You visited 1 branch of the dungeon, and saw 3 of its levels.

You collected 52 gold pieces.

Inventory:

Hand Weapons
 c - a +1 dagger (weapon)
Missiles
 e - 77 stones (quivered)
Jewellery
 a - a ring of poison resistance (left hand)
 k - an amulet of the acrobat (around neck)
Scrolls
 f - 2 scrolls of identify
 j - a scroll of amnesia {unknown}
Potions
 h - a potion of agility
 i - a potion of degeneration {unknown}
Comestibles
 b - 4 rations


   Skills:
 * Level 2.6 Dodging
 - Level 2.0 Stealth
 + Level 2.3 Spellcasting
 * Level 4.5 Conjurations


You had 2 spell levels left.
You knew the following spells:

 Your Spells              Type           Power        Failure   Level  Hunger
a - Magic Dart            Conj           ###.         3%          1    #......
b - Dazzling Spray        Conj/Hex       #.....       24%         3    ###....

Your spell library contained the following spells:

 Spells                   Type           Power        Failure   Level  Hunger
 Searing Ray              Conj           ###...       4%          2    ###....
 Iskenderun's Mystic Bla  Conj           ###.....     30%         4    #####..
 Force Lance              Conj/Tloc      #.......     61%         4    #####..
 Fulminant Prism          Conj/Hex       #.........   61%         4    #####..


Dungeon Overview and Level Annotations

Branches:
Dungeon (3/15)

Altars:

Annotations:
D:3 Natasha


Innate Abilities, Weirdness & Mutations

Your plain brown scales are hard. (AC +5)
You cannot fit into any form of body armour.
You are cold-blooded and may be slowed by cold attacks.


Message History

Beogh smites you!
You hit the orc priest.
The orc priest is lightly wounded.
The orc hits you but does no damage.
The orc priest hits you with a +0 flail.
You hit the orc priest but do no damage.
The orc priest is lightly wounded.
The orc barely misses you.
The orc wizard hits you but does no damage.
You hit the orc priest. You tail-slap the orc priest.
The orc priest is moderately wounded.
The orc wizard is no longer blind.
The orc priest closely misses you. The orc hits you but does no damage.
The orc wizard points at you and mumbles some strange words.
The puff of flame hits you!
* * * LOW HITPOINT WARNING * * *
It was a potion of cancellation.
You feel magically purged.
The orc is no longer blind.
The orc priest hits you with a +0 flail!
You die...

##########
#........#
#........#
####
#........#
##...
#....$.@o#
.....
#.....oo<#
.....
###.######
..... #.
.#s.. #ho.
..hh.
.#.## ...
##


You could see an orc priest, an orc wizard and an orc.

Vanquished Creatures
  An ooze (D:1)
  A worm (D:2)
  2 dart slugs
  2 leopard geckos
  An orc (D:3)
  A ball python (D:2)
  A giant cockroach (D:1)
  2 goblins (D:1)
  6 hobgoblins
  A quokka (D:2)
  5 bats
  A frilled lizard (D:1)
  4 kobolds
  10 rats
38 creatures vanquished.

Vanquished Creatures (others)
  A bat (D:3)
1 creature vanquished.

Grand Total: 39 creatures vanquished

Notes
Turn   | Place    | Note
-------+----------+-------------------------------------------
     0 | D:1      | FishyPogo the Draconian Conjurer began the quest for the
                  | Orb.
     0 | D:1      | Reached XP level 1. HP: 14/14 MP: 3/3
   179 | D:1      | Reached XP level 2. HP: 18/20 MP: 0/5
   775 | D:3      | Noticed Natasha
   801 | D:2      | Reached XP level 3. HP: 15/26 MP: 1/6
   923 | D:2      | Learned a level 3 spell: Dazzling Spray
  1353 | D:3      | HP: 1/26 [orc wizard/puff of flame (11)]
  1354 | D:3      | Mangled by an orc priest

Skill      XL: |  1 |
---------------+----+-----
Stealth        | 2 |  2.0
Dodging        | 2 |  2.6
Spellcasting   | |  2.3
Conjurations   | |  4.5

Action                   || total
-------------------------++-------
Melee: Unarmed           ||     3
       Tailslap          ||     9
       Dagger            ||    62
 Cast: Magic Dart        ||    64
       Dazzling Spray    ||     1
  Use: Scroll            ||     4
       Potion            ||     1
 Stab: Sleeping          ||     2
  Eat: Chunk             ||     2
Armor: Skin              ||    21
Dodge: Dodged            ||    49
